 Dungeon Crawl Stone Soup version 0.20.0-8-g6b59dc7 (webtiles) character file.

36 JarielCorvus the Magician (level 3, 0/19 HPs)
             Began as a Deep Elf Fire Elementalist on May 30, 2017.
             Killed from afar by a bat (17 damage)
             ... with an exploding inner flame
             ... hexed by the player character
             ... on level 1 of the Dungeon.
             The game lasted 00:03:06 (924 turns).

JarielCorvus the Magician (DEFE)                     Turns: 924, Time: 00:03:07

Health: 0/19       AC:  2    Str:  6    XL:     3   Next: 19%
Magic:  7/10       EV: 13    Int: 19    God:
Gold:   30         SH:  0    Dex: 15    Spells: 1/10 levels left

rFire    . . .     SeeInvis .   e - +0 dagger
rCold    . . .     Gourm    .   (no shield)
rNeg     . . .     Faith    .   a - +0 robe
rPois    .         Spirit   .   (no helmet)
rElec    .         Reflect  .   (no cloak)
rCorr    .         Harm     .   (no gloves)
MR       .....                  (no boots)
Stlth    ++........             (no amulet)
Regen    0.1/turn               (no ring)
MPRegen  0.2/turn               (no ring)

@: no status effects
A: no striking features
a: no special abilities


You were on level 1 of the Dungeon.
You were not hungry.

You visited 1 branch of the dungeon, and saw 2 of its levels.

You collected 30 gold pieces.

Inventory:

Hand Weapons
 e - a +0 dagger (weapon)
Armour
 a - a +0 robe (worn)
Jewellery
 h - a cursed -2 ring of evasion {unknown}
Scrolls
 d - a scroll of blinking {unknown}
 f - a scroll of remove curse {unknown}
 j - a scroll of teleportation {unknown}
Potions
 i - a potion of heal wounds {unknown}
 k - a potion of resistance {unknown}
 l - a potion of berserk rage {unknown}
Books
 b - a book of Flames

   Spells                             Type                      Level
   a - Flame Tongue                   Conjuration/Fire             1
   b - Throw Flame                    Conjuration/Fire             2
   c - Conjure Flame                  Conjuration/Fire             3
   d - Inner Flame                    Hexes/Fire                   3
   e - Sticky Flame                   Conjuration/Fire             4
   f - Fireball                       Conjuration/Fire             5
Comestibles
 c - a bread ration
 g - 2 royal jellies


   Skills:
 - Level 2.4 Dodging
 - Level 2.4 Stealth
 * Level 4.3 Spellcasting
 + Level 1.9 Conjurations
 + Level 3.5 Fire Magic


You had one spell level left.
You knew the following spells:

 Your Spells              Type           Power        Failure   Level  Hunger
a - Flame Tongue          Conj/Fire      ##...        4%          1    None
b - Throw Flame           Conj/Fire      ##....       6%          2    #......
c - Inner Flame           Hex/Fire       ##......     19%         3    ###....
d - Conjure Flame         Conj/Fire      ##......     13%         3    ###....


Dungeon Overview and Level Annotations

Branches:
Dungeon (2/15)

Altars:
Cheibriados


Message History

Aim: a bat (resting, chance to defeat MR: 75%)
The bat is filled with an inner flame.
The bat closely misses you. The bat closely misses you. The bat hits you.
The bat hits you but does no damage. The bat closely misses you.
The bat hits you but does no damage. The bat hits you but does no damage.
The bat hits you. The bat misses you. The bat misses you.
Casting: Inner Flame
Confirm with . or Enter, or press ? or * to list all spells.
Aiming: Flame Tongue
Press: ? - help, Shift-Dir - straight line, f/p - bat
Aim: a bat (inner flame)
The flame tongue hits the bat.
The bat explodes!
The fiery explosion engulfs you!
Ouch! That really hurt!
You die...

.....# #.#.#.........########.
##.#)# #.#.#########.#........
#.#.## #.#........##.#.######.
#.#..# #.########.##.#.# #..
##.##.# #.# #.##.#.# #.. ...##.#
#.########.##.#.# #.. ...##.#
#..........##.#.# #†.
...##.#################.#.#####..
................@§§.>...#..†.....
..###..###.########.#############
..+......†.......................
..####..##.########.#############
..# ##.##.# #.# ... ..# #.##.#
#.# ### ..# #..#.# #.# ..# ##.#.#
#'# '## ...# ...


There were no monsters in sight!

Vanquished Creatures
  An adder (D:2)
  2 dart slugs (D:1)
  A leopard gecko (D:1)
  2 giant cockroaches
  4 hobgoblins (D:1)
  3 kobolds (D:1)
  3 bats (D:1)
  4 rats
20 creatures vanquished.

Notes
Turn   | Place    | Note
-------+----------+-------------------------------------------
     0 | D:1      | JarielCorvus the Deep Elf Fire Elementalist began the quest for the Orb.
     0 | D:1      | Reached XP level 1. HP: 10/10 MP: 6/6
   280 | D:1      | Reached XP level 2. HP: 15/15 MP: 1/8
   343 | D:1      | Learned a level 2 spell: Throw Flame
   702 | D:1      | Reached skill level 4 in Spellcasting
   749 | D:1      | You fall through a shaft!
   749 | D:2      | Found a snail-covered altar of Cheibriados.
   857 | D:2      | Reached XP level 3. HP: 19/19 MP: 3/10
   869 | D:1      | Learned a level 3 spell: Inner Flame
   873 | D:1      | Learned a level 3 spell: Conjure Flame
   924 | D:1      | Killed from afar by a bat

Skill      XL: |  1  2 |
---------------+-------+-----
Spellcasting   | 4 |  4.3
Dodging        | |  2.4
Stealth        | |  2.4
Conjurations   | |  1.9
Fire Magic     | |  3.5

Action                   || total
-------------------------++-------
 Cast: Flame Tongue      ||    19
       Throw Flame       ||    18
       Inner Flame       ||     1
Armor: Robe              ||     4
Dodge: Dodged            ||     7
